 Dungeon Crawl Stone Soup version 0.17-a0-737-gf0a300a (webtiles) character file.

120 Ngotmuk the Shield-Bearer (level 4, 0/42 HPs)
             Began as a Deep Dwarf Fighter on Apr 27, 2015.
             Slain by an adder (3 damage)
             ... on level 3 of the Dungeon.
             The game lasted 00:05:05 (1777 turns).

Ngotmuk the Shield-Bearer (Deep Dwarf Fighter)      Turns: 1777, Time: 00:05:05

Health: 0/42       AC:  3    Str: 20    XL:     4   Next: 75%
Magic:  4/4        EV:  9    Int:  9    God:
Gold:   163        SH:  9    Dex: 12    Spells: 0 memorised, 3 levels left

rFire  . . .     SeeInvis .     a - +0 war axe
rCold  . . .     Clarity  .     y - +0 leather armour (curse)
rNeg   . . .     SustAb   .     c - +0 shield
rPois  .         Gourm    .     (no helmet)
rElec  .         Spirit   .     (no cloak)
rCorr  .         Warding  .     (no gloves)
rMut   .         Stasis   .     (no boots)
MR     .....                    (no amulet)
Stlth  +.........               (no ring)
                                l - +1 ring of slaying

@: non-regenerating, not resistant to hostile enchantments, very unstealthy
A: damage resistance, recharge devices, sense surroundings 1, slow healing 3
a: Device Recharging


You were on level 3 of the Dungeon.
You were not hungry.

You visited 1 branch of the dungeon, and saw 3 of its levels.

You collected 163 gold pieces.

Inventory:

Hand weapons
 a - a +0 war axe (weapon)
Armour
 c - a +0 shield (worn)
 y - a cursed +0 leather armour (worn)
Jewellery
 l - a +1 ring of slaying (left hand)
Magical devices
 e - a wand of heal wounds (5)
Scrolls
 g - a scroll of enchant weapon {unknown}
 h - 2 scrolls of remove curse {unknown}
 k - a scroll of teleportation {unknown}
 m - 3 scrolls of identify {unknown}
 n - a scroll of recharging {unknown}
 r - a scroll of noise {unknown}
 s - a scroll of fear {unknown}
 t - a scroll of enchant armour {unknown}
 w - a scroll of immolation {unknown}
 x - a scroll of blinking {unknown}
Potions
 d - 2 potions of might
 i - a potion of degeneration {unknown}
 j - 2 potions of heal wounds {unknown}
 o - 2 potions of flight {unknown}
 p - a potion of curing {unknown}
 q - 2 potions of brilliance {unknown}
 u - a potion of cure mutation {unknown}
 v - a potion of mutation {unknown}
Comestibles
 b - a meat ration
 f - 2 bread rations


   Skills:
 + Level 3.1 Fighting
 + Level 3.1 Axes
 + Level 3.8 Armour
 + Level 1.6 Dodging
 + Level 4.4 Shields


You had 3 spell levels left.
You didn't know any spells.

Dungeon Overview and Level Annotations

Branches:
Dungeon (3/15)

Altars:
Elyvilon
Gozag
Kikubaaqudgha


Innate Abilities, Weirdness & Mutations

You are resistant to damage.
You can recharge devices by infusing magical energy.
You passively map a small area around you.
You do not heal naturally.


Message History

The adder is severely wounded.
You block the adder's attack. The adder barely misses you.
You hit the adder.
The adder is almost dead.
The adder bites you.
* * * LOW HITPOINT WARNING * * *
The adder bites you.
You miss the adder.
The adder is almost dead.
You block the adder's attack.
You miss the adder.
The adder is almost dead.
The adder bites you but does no damage. The adder bites you.
You barely miss the adder.
The adder is almost dead.
You block the adder's attack. x2
You barely miss the adder.
The adder is almost dead.
The adder bites you. x2
You die...

, ... , ....(. , ,
....... * .##.#. #..$....
, .... #.......# ####. *
.......##* ,#.... , ,
.........* #.##. *
#......# ,,#.##. *,, *
#S.....# ####.... ## ,
#@.....##.#.....#. ,
.#...*#.#######.##.##.#.
.##...##.#.............#.
##..)....#'######.#.####.
............# #.#.# #.
..#........# #...# #.
#........# ##..# #. ,
#........# #..####. *
##........# #.....<.


You could see an adder.

Vanquished Creatures
  6 adders
  A gnoll (D:3)
  4 worms
  4 giant cockroaches
  8 goblins
  5 hobgoblins
  4 jackals (D:1)
  5 bats
  A giant gecko (D:1)
  4 giant newts
  4 kobolds
  5 rats
51 creatures vanquished.

Notes
Turn   | Place    | Note
--------------------------------------------------------------
     0 | D:1      | Ngotmuk, the Deep Dwarf Fighter, began the quest for the Orb.
     0 | D:1      | Reached XP level 1. HP: 20/20 MP: 1/1
   212 | D:1      | Reached XP level 2. HP: 27/27 MP: 2/2
   934 | D:2      | Reached skill level 1 in Dodging
   934 | D:2      | Reached XP level 3. HP: 30/33 MP: 3/3
   941 | D:2      | Reached skill level 4 in Shields
   975 | D:2      | Found an opulent altar of Gozag.
  1433 | D:3      | Found an ancient bone altar of Kikubaaqudgha.
  1522 | D:3      | Reached XP level 4. HP: 15/40 MP: 4/4
  1672 | D:3      | Found a white marble altar of Elyvilon.
  1777 | D:3      | Slain by an adder

Action                   |  1- 3 |  4- 6 || total
-------------------------+-------+-------++-------
Melee: War axe           |   123 |    51 ||   174
  Eat: Meat ration       |     1 |       ||     1
